 Dungeon Crawl Stone Soup version 0.30-a0-800-g7c544603b3 (webtiles) character file.

Game seed: 6164107300189955088

51 Aneyh the Trooper (level 3, 0/24 HPs)
             Began as a Tengu Monk on Feb 22, 2023.
             Slain by an orc
             ... wielding a +0 club
              (3 damage)
             ... on level 3 of the Dungeon.
             The game lasted 00:03:22 (1863 turns).

Aneyh the Trooper (Tengu Monk)                      Turns: 1863, Time: 00:03:23

Health: 0/24       AC:  4    Str: 13    XL:     3   Next: 81%
Magic:  4/4        EV: 13    Int: 10    God:
Gold:   133        SH:  0    Dex: 16    Spells: 2/2 levels left

rFire   . . .      SeeInvis .    a - +0 spear
rCold   . . .      Faith    .    (no shield)
rNeg    . . .      Spirit   .    h - +0 leather armour
rPois   .          Reflect  .    (helmet restricted)
rElec   .          Harm     .    p - +0 cloak
rCorr   .          Rampage  .    (no gloves)
Will    .....                    (boots unavailable)
Stlth   ++                       (no amulet)
HPRegen 0.24/turn                (no ring)
MPRegen 0.09/turn                (no ring)

@: no status effects
A: beak, talons 3
a: no special abilities


You were on level 3 of the Dungeon.
You visited 1 branch of the dungeon, and saw 4 of its levels.

You collected 133 gold pieces.

Inventory:

Hand Weapons
 a - a +0 spear (weapon)
 b - a +0 sling
Armour
 d - a +0 robe
 f - a +0 chain mail of poison resistance
 h - a +0 leather armour (worn)
 p - a +0 cloak (worn)
Scrolls
 e - a scroll of enchant armour {unknown}
 g - a scroll of identify {unknown}
 i - a scroll of teleportation {unknown}
 k - 2 scrolls of vulnerability {unknown}
 m - 2 scrolls of enchant weapon {unknown}
 o - 3 scrolls of poison {unknown}
 s - a scroll of summoning {unknown}
Potions
 j - 2 potions of cancellation {unknown}
 l - 2 potions of mutation {unknown}
 n - 3 potions of curing {unknown}
 q - a potion of might {unknown}
 r - a potion of brilliance {unknown}


   Skills:
 * Level 4.5 Fighting
 - Level 3.3 Polearms
 - Level 3.3 Dodging
 - Level 2.0 Stealth


You had 2 spell levels left.
You didn't know any spells.
Your spell library contained the following spells:

 Spells                   Type           Power      Damage    Failure   Level
 Cigotuvi's Dreadful Rot  Necr/Pois/Air  0%         N/A       58%         2
 Poisonous Vapours        Pois/Air       0%         N/A       58%         2
 Frozen Ramparts          Ice            0%         1d1       82%         3
 Mephitic Cloud           Conj/Pois/Air  0%         N/A       82%         3
 Ice Form                 Ice/Tmut       0%         N/A       99%         4
 Summon Ice Beast         Ice/Summ       0%         N/A       99%         4


Dungeon Overview and Level Annotations

Branches:
Dungeon (4/15)
 Temple: D:4-7

Altars:
Vehumet

Shops:
D:3 ?

Annotations:
D:4 Ijyb, Robin


Innate Abilities, Weirdness & Mutations

You have a beak for a mouth.
You have claws for feet.


Message History

The orc barely misses you. The orc misses you. The orc closely misses you. x2
You touch the orc but do no damage.
The orc is moderately wounded.
The orc misses you. The orc barely misses you. The orc completely misses you.
The orc hits you with a +0 club.
You barely miss the orc.
The orc is moderately wounded.
The orc misses you. x2
You touch the orc.
You kill the orc!
You condense into your normal self.
Your +0 spear unmelds from your body.
Your +0 cloak unmelds from your body.
Your +0 leather armour unmelds from your body.
The orc misses you. The orc hits you but does no damage.
The orc barely misses you.
You hit the orc but do no damage. The orc hits you but does no damage.
The orc hits you with a +0 club. The orc hits you with a +0 short sword.
The orc misses you.
You hit the orc.
The orc is lightly wounded.
The orc barely misses you. The orc closely misses you.
An orc comes into view. It is wielding a +0 dagger.
The orc hits you with a +0 whip.
* * * LOW HITPOINT WARNING * * *
The orc hits you with a +0 short sword.
* * * LOW HITPOINT WARNING * * *
The orc shouts!
You hit the orc but do no damage. You peck the orc, but do no damage.
The orc is lightly wounded.
The orc barely misses you. The orc hits you but does no damage.
You hit the orc. You peck the orc, but do no damage.
The orc is heavily wounded.
The orc hits you with a +0 short sword.
* * * LOW HITPOINT WARNING * * *
The orc barely misses you. The orc closely misses you. The orc misses you.
You closely miss the orc.
The orc is moderately wounded.
The orc barely misses you. x2; The orc closely misses you.
The orc hits you with a +0 club.
You die...

#........ ....... #
#......###....... #
##.......##...... #
#...|........###+#### #
#..........#........#.
###..........+.......)..
'............#..........
##.####.#....#.ooo......
##.# #.#.....oo@# ##+#
#.###..###### . #..
##......# ..
######..##..# o..
####....##..# ....
.......∩....# .....
.######.....# .##.##
##..##.# .
#...##.######....


You could see 5 orcs.

Vanquished Creatures
  An adder (D:2)
  A dart slug (D:2)
  3 orcs
  5 ball pythons
  3 endoplasms (D:1)
  2 giant cockroaches (D:1)
  3 kobolds (D:1)
  2 quokkas
  7 bats
  4 frilled lizards
  A goblin (D:1)
  2 rats
34 creatures vanquished.

Notes
Turn   | Place    | Note
-------+----------+-------------------------------------------
     0 | D:1      | Aneyh the Tengu Monk began the quest for the Orb.
     0 | D:1      | Reached XP level 1. HP: 14/14 MP: 2/2
   166 | D:1      | Reached XP level 2. HP: 19/19 MP: 3/3
   354 | D:1      | Reached skill level 4 in Fighting
   476 | D:2      | Reached XP level 3. HP: 24/24 MP: 4/4
  1258 | D:2      | Found a radiant altar of Vehumet.
  1714 | D:3      | Found Voegrosch's Magic Scroll Boutique.
  1835 | D:4      | Noticed Ijyb
  1835 | D:4      | Noticed Robin
  1863 | D:3      | Slain by an orc

Illustrated notes

Levels and vault maps discovered:
D:1:      saegor_arrival_simple_d, layout_basic
D:2:      layout_basic, basic_altar, serial_bayou_crossing
D:3:      layout_basic, grunt_temple_overflow_champion_of_chaos, serial_shops,
          nicolae_square_shop, minmay_fractal_squares_gapless_5
D:4:      layout_gridville, nicolae_goblin_pals

Skill      XL: |  1  2 |
---------------+-------+-----
Fighting       | 4 |  4.5
Polearms       | |  3.3
Dodging        | |  3.3
Stealth        | |  2.0

Action                     || total
---------------------------++-------
  Melee: Spear             ||    31
         Unarmed           ||    13
         Kick              ||     3
         Peck              ||     3
         Punch             ||     1
   Fire: Sling             ||    64
    Use: Potion            ||     1
   Stab: Sleeping          ||     2
 Armour: Robe              ||     5
         Leather armour    ||    11
         Skin              ||     7
  Dodge: Dodged            ||   104

Table legend: (Time is in decaauts)
 A = Elapsed time spent in this place.
 B = Non-inter-level travel time spent in this place.
 C = Inter-level travel time spent in this place.
 D = Time resting spent in this place.
 E = Time spent auto-exploring this place.
 F = Levels seen in this place.
 G = Mean time per level.
                   A        B        C        D        E       F      G
               +--------+--------+--------+--------+--------+-----+--------+
         Total |   1894 |   1850 |     44 |    324 |   1234 |   4 |  473.5 |
       Dungeon |   1894 |   1850 |     44 |    324 |   1234 |   4 |  473.5 |
               +--------+--------+--------+--------+--------+-----+--------+

Top non-repeatable levels by time:
     D:2: 1261 daAuts
     D:1: 479 daAuts
     D:3: 103 daAuts
     D:4: 50 daAuts
